AoeStats
← Silvyan

Nomad

511360659Analyzed
3v3 RM · 12d ago on Oct 4, 2026· 59m 27s· 6 players
Game mode
Random Map
Map size
210×210
Population
200
Speed
Normal
Resources
Standard
Victory
Conquest
Starting age
Dark Age
Ending age
Imperial Age
RankedLock teamsTeams togetherTeam positionsShared explorationLock speedFull tech treeHidden civsTurbo modeCheats
Victory
Defeat
🇲🇽 Japanese · Mexico
1472
+10
🇲🇽 Mongols · Mexico
1304
+17
🇺🇸 Persians · United States
1290
+17
vs
🇩🇪 Saxons · Germany
1344
-15
🇩🇪 Varangians · Germany
1329
-15
🇩🇪 Koreans · Germany
1319
-14
Der Eichler
12:46 Loom
14:38 Feudal Age
12:56 Loom
15:43 Fishing Lines
18:28 Castle Age
16:41 Double-Bit Axe
17:19 Fletching
17:25 Gold Mining
18:16 Town Watch
19:06 Wheelbarrow
19:24 Bodkin Arrow
19:59 Bow Saw
20:41 Gillnets
25:06 Padded Archer Armor
27:12 Ballistics
27:43 Husbandry
30:23 Horse Collar
31:23 Leather Archer Armor
32:20 Thumb Ring
37:10 Imperial Age
36:05 Gold Shaft Mining
36:27 Hand Cart
36:31 Bloodlines
37:21 Cranequins
38:07 Bracer
39:10 Chemistry
38:57 Heavy Plow
39:32 Ring Archer Armor
39:03 Scale Mail Armor
39:31 Heavy Mounted Crossbowman
40:33 Conscription
43:05 Crop Rotation
43:37 Two-Man Saw
46:29 Ring Archer Armor
46:51 Shield Wall
46:58 Clerical Recruitment
47:02 Elite Hearth Troop
48:27 Scale Mail Armor
48:37 Forging
48:32 Squires
48:17 Gambesons
48:18 Arson
50:02 Coinage
49:50 Shield Wall
53:15 Chain Mail Armor
53:35 Iron Casting
54:27 Iron Casting
54:26 Plate Mail Armor
54:37 Hoardings
Der Glibscher
4:09 Loom
15:26 Feudal Age
16:00 Double-Bit Axe
19:50 Fishing Lines
23:52 Castle Age
21:49 Gold Mining
24:01 Fletching
24:43 Bow Saw
24:18 Crossbowman
28:41 Stone Mining
38:41 Wheelbarrow
40:01 Gillnets
42:25 Husbandry
41:47 Light Cavalry
42:47 Scale Barding Armor
43:00 Forging
46:40 Chain Barding Armor
55:12 Imperial Age
57:14 Elite Skirmisher
Silvyan
6:20 Loom
12:21 Feudal Age
23:15 Castle Age
47:54 Imperial Age
50:15 Light Cavalry
51:07 Bloodlines
50:57 Husbandry
51:11 Hussar
54:51 Scale Barding Armor
54:56 Forging
EL NEGRO DEL WASAP
9:51 Loom
12:12 Feudal Age
13:49 Fletching
21:32 Man-at-Arms
27:09 Castle Age
25:42 Padded Archer Armor
26:20 Double-Bit Axe
27:37 Gold Mining
27:47 Bodkin Arrow
27:48 Crossbowman
30:01 Ballistics
31:02 Leather Archer Armor
33:44 Wheelbarrow
35:18 Town Watch
37:48 Hand Cart
37:49 Bow Saw
42:26 Imperial Age
40:02 Stone Mining
41:24 Thumb Ring
44:03 Ring Archer Armor
43:36 Bracer
44:38 Chemistry
43:12 Arbalester
46:16 Ring Archer Armor
46:52 Conscription
48:11 Pikeman
48:53 Scale Mail Armor
49:04 Forging
49:06 Halberdier
49:33 Gambesons
49:48 Squires
49:34 Arson
50:01 Horse Collar
51:22 Two-Man Saw
51:36 Gold Shaft Mining
60:12 Kataparuto
Matasarracenos
15:28 Feudal Age
19:32 Castle Age
19:30 Double-Bit Axe
23:32 Fletching
26:01 Bow Saw
33:20 Wheelbarrow
38:06 Imperial Age
36:26 Bodkin Arrow
37:25 Padded Archer Armor
38:34 Leather Archer Armor
38:46 Capped Ram
39:41 Bracer
40:44 Chemistry
39:57 Gold Mining
39:58 Stone Mining
44:17 Heavy Scorpion
46:29 Drill
51:58 Loom
Dragón-Malo
5:19 Loom
20:08 Feudal Age
21:28 Wheelbarrow
20:40 Double-Bit Axe
20:36 Horse Collar
25:59 Castle Age
26:53 Bow Saw
26:44 Heavy Plow
28:42 Gold Mining
28:53 Heavy Plow
33:27 Stone Mining
36:36 Stone Shaft Mining
36:12 Forging
41:40 Gold Shaft Mining
43:37 Fletching
45:22 Bodkin Arrow
45:57 Padded Archer Armor
47:00 Ballistics
46:15 Crossbowman
47:00 Thumb Ring
47:28 Leather Archer Armor
48:04 Kamandaran
51:16 Hand Cart
50:47 Town Watch
56:37 Imperial Age
56:33 Scale Barding Armor
57:05 Iron Casting
57:27 Ring Archer Armor
58:00 Chemistry
57:22 Conscription
56:32 Capped Ram
58:02 Chain Barding Armor
57:55 Bloodlines
57:45 Husbandry
58:56 Hoardings
60:21 Blast Furnace
Connection lost

Rejoining the realm…

Still unreachable

The connection could not be restored.

Session expired

The server has moved on; the page needs a fresh start.